 Dungeon Crawl Stone Soup version 0.27-a0-951-gae3e1deef5 (webtiles) character file.

Game seed: 2046964810074755640

42 Alarkh the Insei (level 3, -2/26 HPs)
             Began as a Demonspawn Transmuter on Apr 11, 2021.
             Slain by a centaur (3 damage)
             ... on level 2 of the Dungeon.
             The game lasted 00:01:24 (1597 turns).

Alarkh the Insei (Demonspawn Transmuter)            Turns: 1597, Time: 00:01:25

Health: -2/26      AC:  2    Str: 10    XL:     3   Next: 35%
Magic:  6/6        EV: 12    Int: 15    God:
Gold:   64         SH:  0    Dex: 13    Spells: 5/6 levels left

rFire    . . .     SeeInvis .     - Unarmed
rCold    . . .     Faith    .   (no shield)
rNeg     . . .     Spirit   .   a - +0 robe
rPois    .         Reflect  .   (no helmet)
rElec    .         Harm     .   (no cloak)
rCorr    .         Rampage  .   (no gloves)
Will     .....                  (no boots)
Stlth    +.........             (no amulet)
HPRegen  0.08/turn              (no ring)
MPRegen  0.10/turn              (no ring)

@: no status effects
A: spiny 1
a: no special abilities


You were on level 2 of the Dungeon.
You visited 1 branch of the dungeon, and saw 2 of its levels.

You collected 64 gold pieces.

Inventory:

Missiles
 f - 14 poisoned darts
Armour
 a - a +0 robe (worn)
Scrolls
 c - a scroll of summoning {unknown}
Potions
 e - a potion of brilliance


   Skills:
 + Level 1.6 Fighting
 - Level 1.7 Dodging
 * Level 3.3 Unarmed Combat
 + Level 2.3 Spellcasting
 + Level 2.2 Transmutations


You had 5 spell levels left.
You knew the following spells:

 Your Spells              Type           Power      Damage    Failure   Level
a - Beastly Appendage     Tmut           16%        N/A       9%          1

Your spell library contained the following spells:

 Spells                   Type           Power      Damage    Failure   Level
 Wereblood                Tmut           8%         N/A       13%         2
 Animate Skeleton         Necr           2%         N/A       22%         1
 Apportation              Tloc           2%         N/A       22%         1
 Corona                   Hex            1%         N/A       22%         1
 Summon Small Mammal      Summ           4%         N/A       22%         1
 Spider Form              Tmut/Pois      2%         N/A       38%         3
 Ice Form                 Ice/Tmut       5%         N/A       80%         4
 Hydra Form               Tmut           4%         N/A       94%         5


Dungeon Overview and Level Annotations

Branches:
Dungeon (2/15)

Altars:

Shops:
D:1 =


Innate Abilities, Weirdness & Mutations

You are partially covered in sharp spines.


Message History

You feel clever all of a sudden.
You feel sick.
You start resting.
You feel sick.
You are no longer poisoned.
You start resting.
Your transformation is almost over.
You start resting.
Magic restored.
You start resting.
Your horns disappear.
Your talons disappear.
You start resting.
You feel a little less clever now.
Okay, then.
HP restored.
You enter the shallow water.
Moving in this stuff is going to be slow.
Found a stone staircase leading down.
f - 14 poisoned darts
Found a stone staircase leading up.
A centaur comes into view.
The centaur wields a +0 shortbow.
The centaur shoots an arrow.
The arrow hits you!
It was a potion of might.
You feel very mighty all of a sudden.
You start resting.
A centaur is nearby!
The centaur shoots an arrow.
The arrow hits you.
The centaur shoots an arrow.
The arrow hits you.
The centaur unwields a +0 shortbow.
The centaur is struck by your spines. The centaur hits you.
* * * LOW HITPOINT WARNING * * *
The centaur barely misses you. The centaur is struck by your spines.
The centaur hits you but does no damage.
The centaur kicks you.
* * * LOW HITPOINT WARNING * * *
It was a potion of cancellation.
Your magical effects are unravelling.
You feel magically purged.
You feel a little less mighty now. The centaur hits you.
You die...

#.######. .<...
.....## ##. .#
.###.≈# #..#. .#
#.≈## #.... .#
#≈≈≈# #.#.# .#
##≈≈## #.#.# .#
##≈≈# #.#.# .#
#≈≈# ####.#.#.#
.. ##≈#
#....@...# ##
#≈##
#≈#.c#.#.....
#≈≈#
#≈#..#........
#### #≈≈#
#≈##.###.###.#
...####≈≈# #≈≈#.#
... # ##.#≈#≈≈##
#≈≈#.# ###
...#≈#≈≈####≈≈#.>
##.#≈≈≈###≈##≈###
#≈≈≈# #≈##≈#


You could see a centaur.

Vanquished Creatures
  An adder (D:2)
  A dart slug (D:1)
  2 endoplasms (D:1)
  A giant cockroach (D:1)
  5 hobgoblins (D:1)
  2 jackals (D:1)
  A quokka (D:1)
  5 ball pythons (D:1)
  2 bats (D:1)
  4 frilled lizards (D:1)
  4 kobolds (D:1)
  3 rats (D:1)
31 creatures vanquished.

Notes
Turn   | Place    | Note
-------+----------+-------------------------------------------
     0 | D:1      | Alarkh the Demonspawn Transmuter began the quest for the
                  | Orb.
     0 | D:1      | Reached XP level 1. HP: 15/15 MP: 3/3
   393 | D:1      | Found Rucriax's Jewellery Shop.
   404 | D:1      | Gained mutation: You are partially covered in sharp spines.
                  | [demonic ancestry]
   404 | D:1      | Reached XP level 2. HP: 5/21 MP: 3/5
   589 | D:1      | Reached skill level 3 in Unarmed Combat
   969 | D:1      | Reached XP level 3. HP: 23/26 MP: 4/6
  1588 | D:2      | Noticed a centaur
  1596 | D:2      | HP: 1/26 [centaur (2)]
  1597 | D:2      | Slain by a centaur

Illustrated notes

Levels and vault maps discovered:
D:1:      minmay_arrival_nine_rooms, layout_loops_ring, serial_shops,
          nicolae_shop_crystal, chequers_serial_rivers_micro_c
D:2:      layout_loops_ring, chequers_serial_rivers_large_b, minivault_25,
          dk_noncrumbling_2

Skill      XL: |  1  2 |
---------------+-------+-----
Unarmed Combat | 3 |  3.3
Transmutations | 2 |  2.2
Fighting       | |  1.6
Dodging        | |  1.7
Spellcasting   | |  2.3

Action                   || total
-------------------------++-------
Melee: Unarmed           ||    85
       Kick              ||     7
       Headbutt          ||     6
       Punch             ||     1
 Cast: Beastly Appendage ||    17
  Use: Potion            ||     3
Armor: Robe              ||    11
Dodge: Dodged            ||    40

Table legend: (Time is in decaauts)
 A = Elapsed time spent in this place.
 B = Non-inter-level travel time spent in this place.
 C = Inter-level travel time spent in this place.
 D = Time resting spent in this place.
 E = Time spent auto-exploring this place.
 F = Levels seen in this place.
 G = Mean time per level.
                   A        B        C        D        E       F      G
               +--------+--------+--------+--------+--------+-----+--------+
         Total |   1621 |   1615 |      6 |     38 |   1392 |   2 |  810.5 |
       Dungeon |   1621 |   1615 |      6 |     38 |   1392 |   2 |  810.5 |
               +--------+--------+--------+--------+--------+-----+--------+

Top non-repeatable levels by time:
     D:1: 1255 daAuts
     D:2: 366 daAuts
